Canucks vs Hurricanes

Created - december 14 2010 at 22:10

Goals
1 2 3 OT1 SO T
Canucks 0 2 1 0 1 4
Hurricanes 1 1 1 0 0 3
Shots
1 2 3 OT1 SO T
Canucks 8 12 10 2 4 32
Hurricanes 11 8 12 4 4 35

Period #1

1. Hurricanes , Valtteri Filppula 10 (Brett Clark, Brad Boyes) at 7:30 (PP)

Penalties :
Chad Larose (VAN) for Hooking (Minor) at 3:24, Steven Reinprecht (VAN) for Slashing (Minor) at 6:48, Eric Brewer (VAN) for Roughing (Minor) at 10:24, Quintin Laing (CAR) for High sticking (Minor) at 12:38, Patrick Marleau (CAR) for High sticking (Minor) at 16:51

Period #2

2. Hurricanes , Pavel Datsyuk 20 (Patrick Marleau, Kim Johnsson) at 8:28
3. Canucks , Jussi Jokinen 8 (Marco Sturm, Sami Salo) at 10:14
4. Canucks , Steven Reinprecht 11 (Andrew Ladd, Eric Brewer) at 10:25

Penalties :
Sheldon Souray (VAN) for Diving (Minor) at 3:10, Cody Franson (CAR) for Hooking (Minor) at 11:14, Eric Nystrom (CAR) for Holding (Minor) at 14:56

Period #3

5. Canucks , Alex Tanguay 10 (Steven Reinprecht) at 0:51
6. Hurricanes , Niklas Hagman 8 (Willie Mitchell, Kurtis Foster) at 12:02

Penalties :
Sheldon Souray (VAN) for Hooking (Minor) at 2:56, Eric Brewer (VAN) for Roughing (Minor) at 4:13, Valtteri Filppula (CAR) for High sticking (Minor) at 7:57, Milan Jurcina (VAN) for Interference (Minor) at 16:02, Ladislav Smid (VAN) for Cross-checking (Minor) at 18:03

Overtime #1

No Goal

Penalties :
No Penalty

Shootout

Penalty Shot by Marian Hossa for Canucks - Shot Misses the Net
Penalty Shot by Pavel Datsyuk for Hurricanes - Stopped by Jonathan Quick
Penalty Shot by Marco Sturm for Canucks - Stopped by Mike Smith
Penalty Shot by Patrick Marleau for Hurricanes - Stopped by Jonathan Quick
Penalty Shot by Jussi Jokinen for Canucks - Shot Misses the Net
Penalty Shot by Niklas Hagman for Hurricanes - Shot Misses the Net
Penalty Shot by Michael Frolik for Canucks - Goal!
Penalty Shot by Bill Guerin for Hurricanes - Shot Misses the Net

Penalties :
No Penalty

Goalie Stats

Jonathan Quick (VAN), 32 saves from 35 shots - (0,914), W, 25-13-2, 65:00 minutes
Mike Smith (CAR), 29 saves from 32 shots - (0,906), OTL, 24-11-3, 65:00 minutes

Players Stats

Canucks
Player Name              G  A  P  +/- PIM S  H  SB FO    MP 
------------------------------------------------------------
Alex Tanguay             1  0  1   1  0   3  1  0  0/1   20 
Andrew Ladd              0  1  1   1  0   0  3  0  0/1   10 
Chad Larose              0  0  0  -1  2   1  3  0  0/1   17 
Eric Brewer              0  1  1   2  4   1  2  1  0/0   23 
Jussi Jokinen            1  0  1   1  0   6  0  0  12/25 20 
Ladislav Smid            0  0  0  -1  2   0  1  0  0/0   14 
Marco Sturm              0  1  1   1  0   3  2  0  2/4   20 
Marian Hossa             0  0  0   1  0   5  2  0  6/13  20 
Michael Frolik           0  0  0   0  0   1  2  0  0/2   13 
Milan Jurcina            0  0  0  -2  2   0  5  1  0/0   20 
Nicklas Bergfors         0  0  0   0  0   1  0  0  0/1   6  
Patrick OSullivan        0  0  0   0  0   1  0  0  7/10  6  
Robert Lang              0  0  0  -1  0   4  0  0  9/19  14 
Sami Salo                0  1  1   1  0   0  0  2  0/0   24 
Scott Hannan             0  0  0   1  0   0  1  2  0/0   23 
Sheldon Souray           0  0  0   1  4   2  0  1  0/0   23 
Steven Reinprecht        1  1  2   1  2   3  0  0  9/23  16 
Todd Bertuzzi            0  0  0  -1  0   1  0  0  0/1   14 
Hurricanes
Player Name              G  A  P  +/- PIM S  H  SB FO    MP 
------------------------------------------------------------
Andy Hilbert             0  0  0   0  0   1  1  0  1/1   6  
Bill Guerin              0  0  0   0  0   1  7  0  2/3   14 
Brad Boyes               0  1  1   0  0   0  2  0  0/1   23 
Brett Clark              0  1  1  -1  0   3  2  0  0/0   22 
Cody Franson             0  0  0   0  2   0  1  3  0/0   23 
Dave Scatchard           0  0  0   0  0   2  3  0  0/0   7  
Eric Nystrom             0  0  0  -1  2   1  1  0  1/1   14 
Karlis Skrastins         0  0  0  -1  0   0  0  2  0/0   15 
Kim Johnsson             0  1  1   0  0   4  0  3  0/0   26 
Kurtis Foster            0  1  1   0  0   1  1  3  0/0   21 
Marty Reasoner           0  0  0  -1  0   2  0  0  11/21 16 
Niklas Hagman            1  0  1   0  0   1  0  0  0/3   20 
Patrick Marleau          0  1  1   0  2   5  1  0  0/2   19 
Pavel Datsyuk            1  0  1   0  0   7  2  0  24/40 26 
Quintin Laing            0  0  0  -1  2   1  4  0  0/0   11 
Ryan Jones               0  0  0   0  0   0  0  0  0/0   0  
Valtteri Filppula        1  0  1   0  2   5  1  0  17/29 24 
Willie Mitchell          0  1  1   0  0   1  1  0  0/0   22 

3 Stars

1 - Alex Tanguay (VAN)
2 - Steven Reinprecht (VAN)
3 - Jussi Jokinen (VAN)

Power Play

Canucks - 0 on 5 Attempt(s) - 0,00%
Hurricanes - 1 on 8 Attempt(s) - 12,50%

Penalty Kill

Canucks - 7 on 8 Attempt(s) - 87,50% - Score 0 goal in Penalty Kill
Hurricanes - 5 on 5 Attempt(s) - 100,00% - Score 0 goal in Penalty Kill

Game Notes

No Game Note

Finance

Level 1 -- Attendance: 5111 (82,08%) -- Ticket Income 511 100,00 kr
Level 2 -- Attendance: 4310 (83,06%) -- Ticket Income 258 600,00 kr
Level 3 -- Attendance: 1459 (70,28%) -- Ticket Income 51 065,00 kr
Level 4 -- Attendance: 4096 (98,70%) -- Ticket Income 81 920,00 kr
Luxury Box -- Attendance: 775 (74,66%) -- Ticket Income 155 000,00 kr
Game was played at the RBC Center
Total Attendance: 15751 (84,32%)
Total Ticket Income: 1 061 024,00 kr
Other Income: 414 902,40 kr
Total Income: 1 475 926,00 kr


Team Lines

Canucks

5 vs 5
   Center                   Left Wing                Right Wing               Defense                  Defense                  
 1 Jussi Jokinen            Marco Sturm              Marian Hossa             Sheldon Souray           Sami Salo                
 2 Steven Reinprecht        Andrew Ladd              Alex Tanguay             Eric Brewer              Scott Hannan             
 3 Robert Lang              Chad Larose              Todd Bertuzzi            Milan Jurcina            Ladislav Smid            
 4 Patrick OSullivan        Michael Frolik           Nicklas Bergfors         Sheldon Souray           Sami Salo                

Power Play
   Center                   Left Wing                Right Wing               Defense                  Defense                  
 1 Jussi Jokinen            Marco Sturm              Marian Hossa             Sheldon Souray           Sami Salo                
 2 Steven Reinprecht        Michael Frolik           Alex Tanguay             Eric Brewer              Scott Hannan             

Penalty Kill - 4 Players
   Center                   Wing                     Defense                  Defense                  
 1 Marian Hossa             Marco Sturm              Sheldon Souray           Sami Salo                
 2 Jussi Jokinen            Alex Tanguay             Eric Brewer              Scott Hannan             

4 vs 4
   Center                   Wing                     Defense                  Defense                  
 1 Marian Hossa             Marco Sturm              Sheldon Souray           Sami Salo                
 2 Jussi Jokinen            Michael Frolik           Eric Brewer              Scott Hannan             

Penalty Kill - 3 Players
   Forward                  Defense                  Defense                  
 1 Marian Hossa             Sheldon Souray           Sami Salo                
 2 Marco Sturm              Eric Brewer              Scott Hannan             

Goaltenders
Starting : Jonathan Quick           
Backup : Chris Osgood             

Extra Forwards
Marian Hossa, Marco Sturm, Jussi Jokinen, Chad Larose, Steven Reinprecht
Extra Defensemen
Sheldon Souray, Sami Salo, Eric Brewer, Scott Hannan, Milan Jurcina
Penalty Shots
Marian Hossa, Marco Sturm, Jussi Jokinen, Michael Frolik, Steven Reinprecht
Coach Strategy
Physical Style: 1 - Defense Style: 2 - Offense Style: 2

Hurricanes

5 vs 5
   Center                   Left Wing                Right Wing               Defense                  Defense                  
 1 Pavel Datsyuk            Patrick Marleau          Bill Guerin              Kim Johnsson             Cody Franson             
 2 Valtteri Filppula        Niklas Hagman            Brad Boyes               Kurtis Foster            Willie Mitchell          
 3 Marty Reasoner           Quintin Laing            Eric Nystrom             Brett Clark              Karlis Skrastins         
 4 Pavel Datsyuk            Andy Hilbert             Dave Scatchard           Kim Johnsson             Cody Franson             

Power Play
   Center                   Left Wing                Right Wing               Defense                  Defense                  
 1 Pavel Datsyuk            Patrick Marleau          Bill Guerin              Kurtis Foster            Kim Johnsson             
 2 Valtteri Filppula        Niklas Hagman            Brad Boyes               Brett Clark              Cody Franson             

Penalty Kill - 4 Players
   Center                   Wing                     Defense                  Defense                  
 1 Pavel Datsyuk            Patrick Marleau          Kim Johnsson             Cody Franson             
 2 Marty Reasoner           Eric Nystrom             Brett Clark              Willie Mitchell          

4 vs 4
   Center                   Wing                     Defense                  Defense                  
 1 Pavel Datsyuk            Patrick Marleau          Kim Johnsson             Cody Franson             
 2 Valtteri Filppula        Brad Boyes               Kurtis Foster            Willie Mitchell          

Penalty Kill - 3 Players
   Forward                  Defense                  Defense                  
 1 Pavel Datsyuk            Kim Johnsson             Cody Franson             
 2 Marty Reasoner           Brett Clark              Willie Mitchell          

Goaltenders
Starting : Mike Smith               
Backup : Erik Ersberg             

Extra Forwards
Pavel Datsyuk, Patrick Marleau, Valtteri Filppula, Brad Boyes, Bill Guerin
Extra Defensemen
Kim Johnsson, Willie Mitchell, Cody Franson, Brett Clark, Karlis Skrastins
Penalty Shots
Pavel Datsyuk, Patrick Marleau, Niklas Hagman, Bill Guerin, Brad Boyes
Coach Strategy
Physical Style: 0 - Defense Style: 3 - Offense Style: 2

Play by Play

Period #1

0:01 of 1st period - Bill Guerin wins face-off versus Jussi Jokinen in neutral zone.
0:01 of 1st period - Bill Guerin is hit by Marian Hossa.
0:10 of 1st period - Shot by Marco Sturm.
0:10 of 1st period - Stopped by Mike Smith without a rebound.
0:11 of 1st period - Steven Reinprecht wins face-off versus Valtteri Filppula in Hurricanes zone.
0:51 of 1st period - Icing by Scott Hannan.
0:52 of 1st period - Steven Reinprecht wins face-off versus Pavel Datsyuk in Canucks zone.
0:52 of 1st period - Steven Reinprecht is hit by Bill Guerin.
1:07 of 1st period - Marco Sturm is hit by Pavel Datsyuk and loses puck.
1:21 of 1st period - Shot by Jussi Jokinen.
1:21 of 1st period - Shot Misses the Net.
1:23 of 1st period - Shot by Sami Salo.
1:23 of 1st period - Shot Misses the Net.
1:25 of 1st period - Shot by Marco Sturm.
1:25 of 1st period - Shot Blocked by Cody Franson.
1:29 of 1st period - Shot by Marian Hossa.
1:29 of 1st period - Shot Misses the Net.
1:33 of 1st period - Shot by Marian Hossa.
1:33 of 1st period - Shot Blocked by Cody Franson.
1:37 of 1st period - Shot by Jussi Jokinen.
1:37 of 1st period - Stopped by Mike Smith without a rebound.
1:38 of 1st period - Marty Reasoner wins face-off versus Robert Lang in Hurricanes zone.
1:42 of 1st period - Karlis Skrastins is hit by Milan Jurcina.
1:52 of 1st period - Eric Nystrom is hit by Chad Larose and loses puck.
2:11 of 1st period - Shot by Robert Lang.
2:11 of 1st period - Stopped by Mike Smith without a rebound.
2:12 of 1st period - Patrick OSullivan wins face-off versus Niklas Hagman in Hurricanes zone.
2:16 of 1st period - Icing by Willie Mitchell.
2:17 of 1st period - Valtteri Filppula wins face-off versus Steven Reinprecht in Hurricanes zone.
2:56 of 1st period - Icing by Willie Mitchell.
2:57 of 1st period - Jussi Jokinen wins face-off versus Valtteri Filppula in Hurricanes zone.
3:11 of 1st period - Marian Hossa is hit by Kurtis Foster.
3:21 of 1st period - Shot by Sheldon Souray.
3:21 of 1st period - Stopped by Mike Smith without a rebound.
3:22 of 1st period - Robert Lang wins face-off versus Pavel Datsyuk in Hurricanes zone.
3:23 of 1st period - Shot by Todd Bertuzzi.
3:23 of 1st period - Stopped by Mike Smith without a rebound.
3:24 of 1st period - Pavel Datsyuk wins face-off versus Robert Lang in Hurricanes zone.
3:24 of 1st period - Minor Penalty to Chad Larose for Hooking.
3:25 of 1st period - Marian Hossa wins face-off versus Pavel Datsyuk in Canucks zone.
3:25 of 1st period - Sami Salo is hit by Pavel Datsyuk and loses puck.
3:54 of 1st period - Shot by Patrick Marleau.
3:54 of 1st period - Stopped by Jonathan Quick without a rebound.
3:55 of 1st period - Valtteri Filppula wins face-off versus Marian Hossa in Canucks zone.
4:42 of 1st period - Shot by Kim Johnsson.
4:42 of 1st period - Shot Misses the Net.
4:46 of 1st period - Shot by Patrick Marleau.
4:46 of 1st period - Stopped by Jonathan Quick without a rebound.
4:47 of 1st period - Jussi Jokinen wins face-off versus Pavel Datsyuk in Canucks zone.
4:47 of 1st period - Jussi Jokinen is hit by Patrick Marleau.
5:01 of 1st period - Shot by Kim Johnsson.
5:01 of 1st period - Shot Misses the Net.
5:26 of 1st period - Brett Clark is hit by Milan Jurcina and loses puck.
5:59 of 1st period - Shot by Marty Reasoner.
5:59 of 1st period - Stopped by Jonathan Quick without a rebound.
6:00 of 1st period - Andy Hilbert wins face-off versus Patrick OSullivan in Canucks zone.
6:14 of 1st period - Icing by Sami Salo.
6:15 of 1st period - Patrick OSullivan wins face-off versus Valtteri Filppula in Canucks zone.
6:15 of 1st period - Patrick OSullivan is hit by Brad Boyes.
6:48 of 1st period - Minor Penalty to Steven Reinprecht for Slashing.
6:49 of 1st period - Jussi Jokinen wins face-off versus Pavel Datsyuk in Canucks zone.
7:06 of 1st period - Shot by Kim Johnsson.
7:06 of 1st period - Stopped by Jonathan Quick with a rebound.
7:08 of 1st period - Shot by Kurtis Foster.
7:08 of 1st period - Stopped by Jonathan Quick without a rebound.
7:09 of 1st period - Valtteri Filppula wins face-off versus Jussi Jokinen in Canucks zone.
7:30 of 1st period - Shot by Valtteri Filppula.
7:30 of 1st period - Goal by Valtteri Filppula - Canucks : 0 - Hurricanes : 1.
7:31 of 1st period - Marty Reasoner wins face-off versus Robert Lang in neutral zone.
7:39 of 1st period - Icing by Milan Jurcina.
7:40 of 1st period - Pavel Datsyuk wins face-off versus Robert Lang in Canucks zone.
7:41 of 1st period - Shot by Dave Scatchard.
7:41 of 1st period - Stopped by Jonathan Quick without a rebound.
7:42 of 1st period - Pavel Datsyuk wins face-off versus Steven Reinprecht in Canucks zone.
7:53 of 1st period - Alex Tanguay is hit by Dave Scatchard.
8:11 of 1st period - Scott Hannan is hit by Dave Scatchard and loses puck.
8:33 of 1st period - Icing by Kim Johnsson.
8:34 of 1st period - Pavel Datsyuk wins face-off versus Jussi Jokinen in Hurricanes zone.
8:43 of 1st period - Shot by Marian Hossa.
8:43 of 1st period - Shot Misses the Net.
8:59 of 1st period - Shot by Marian Hossa.
8:59 of 1st period - Stopped by Mike Smith without a rebound.
9:00 of 1st period - Valtteri Filppula wins face-off versus Robert Lang in Hurricanes zone.
9:05 of 1st period - Shot by Valtteri Filppula.
9:05 of 1st period - Shot Misses the Net.
9:34 of 1st period - Icing by Willie Mitchell.
9:35 of 1st period - Patrick OSullivan wins face-off versus Niklas Hagman in Hurricanes zone.
10:00 of 1st period - Shot by Eric Nystrom.
10:00 of 1st period - Stopped by Jonathan Quick without a rebound.
10:01 of 1st period - Marty Reasoner wins face-off versus Steven Reinprecht in Canucks zone.
10:01 of 1st period - Brett Clark is hit by Eric Brewer and loses puck.
10:14 of 1st period - Shot by Marty Reasoner.
10:14 of 1st period - Shot Misses the Net.
10:24 of 1st period - Minor Penalty to Eric Brewer for Roughing.
10:25 of 1st period - Pavel Datsyuk wins face-off versus Marian Hossa in Canucks zone.
10:40 of 1st period - Shot by Kurtis Foster.
10:40 of 1st period - Shot Misses the Net.
11:21 of 1st period - Shot by Brett Clark.
11:21 of 1st period - Stopped by Jonathan Quick without a rebound.
11:22 of 1st period - Valtteri Filppula wins face-off versus Marian Hossa in Canucks zone.
12:11 of 1st period - Shot by Bill Guerin.
12:11 of 1st period - Stopped by Jonathan Quick without a rebound.
12:12 of 1st period - Marian Hossa wins face-off versus Pavel Datsyuk in Canucks zone.
12:12 of 1st period - Marian Hossa is hit by Bill Guerin.
12:32 of 1st period - Shot by Quintin Laing.
12:32 of 1st period - Shot Misses the Net.
12:36 of 1st period - Shot by Marty Reasoner.
12:36 of 1st period - Stopped by Jonathan Quick without a rebound.
12:37 of 1st period - Patrick OSullivan wins face-off versus Marty Reasoner in Canucks zone.
12:37 of 1st period - Sheldon Souray is hit by Quintin Laing and loses puck.
12:38 of 1st period - Minor Penalty to Quintin Laing for High sticking.
12:39 of 1st period - Marty Reasoner wins face-off versus Steven Reinprecht in Hurricanes zone.
12:49 of 1st period - Steven Reinprecht is hit by Willie Mitchell and loses puck.
13:06 of 1st period - Shot by Steven Reinprecht.
13:06 of 1st period - Shot Misses the Net.
13:23 of 1st period - Icing by Sheldon Souray.
13:24 of 1st period - Jussi Jokinen wins face-off versus Pavel Datsyuk in Canucks zone.
13:30 of 1st period - Marco Sturm is hit by Cody Franson and loses puck.
13:33 of 1st period - Shot by Marco Sturm.
13:33 of 1st period - Shot Blocked by Kim Johnsson.
13:35 of 1st period - Shot by Sami Salo.
13:35 of 1st period - Shot Misses the Net.
13:43 of 1st period - Shot by Marco Sturm.
13:43 of 1st period - Stopped by Mike Smith without a rebound.
13:44 of 1st period - Pavel Datsyuk wins face-off versus Steven Reinprecht in Hurricanes zone.
15:22 of 1st period - Valtteri Filppula is hit by Marco Sturm.
15:59 of 1st period - Andy Hilbert is hit by Milan Jurcina and loses puck.
16:27 of 1st period - Marty Reasoner is hit by Milan Jurcina and loses puck.
16:49 of 1st period - Icing by Robert Lang.
16:50 of 1st period - Robert Lang wins face-off versus Pavel Datsyuk in Canucks zone.
16:50 of 1st period - Robert Lang is hit by Bill Guerin.
16:51 of 1st period - Minor Penalty to Patrick Marleau for High sticking.
16:52 of 1st period - Pavel Datsyuk wins face-off versus Steven Reinprecht in Hurricanes zone.
18:14 of 1st period - Shot by Jussi Jokinen.
18:14 of 1st period - Shot Misses the Net.
18:18 of 1st period - Shot by Marian Hossa.
18:18 of 1st period - Stopped by Mike Smith without a rebound.
18:19 of 1st period - Pavel Datsyuk wins face-off versus Jussi Jokinen in Hurricanes zone.
18:45 of 1st period - Off-side.
18:46 of 1st period - Steven Reinprecht wins face-off versus Marty Reasoner in neutral zone.

Period #2

0:01 of 2nd period - Pavel Datsyuk wins face-off versus Jussi Jokinen in neutral zone.
0:04 of 2nd period - Marian Hossa is hit by Bill Guerin and loses puck.
0:27 of 2nd period - Off-side.
0:28 of 2nd period - Valtteri Filppula wins face-off versus Steven Reinprecht in neutral zone.
0:33 of 2nd period - Shot by Brad Boyes.
0:33 of 2nd period - Shot Blocked by Scott Hannan.
0:53 of 2nd period - Niklas Hagman is hit by Alex Tanguay and loses puck.
1:00 of 2nd period - Shot by Willie Mitchell.
1:00 of 2nd period - Stopped by Jonathan Quick with a rebound.
1:17 of 2nd period - Icing by Eric Brewer.
1:18 of 2nd period - Pavel Datsyuk wins face-off versus Steven Reinprecht in Canucks zone.
1:33 of 2nd period - Shot by Patrick Marleau.
1:33 of 2nd period - Shot Misses the Net.
1:54 of 2nd period - Shot by Marian Hossa.
1:54 of 2nd period - Stopped by Mike Smith without a rebound.
1:55 of 2nd period - Robert Lang wins face-off versus Marty Reasoner in Hurricanes zone.
2:02 of 2nd period - Shot by Robert Lang.
2:02 of 2nd period - Shot Misses the Net.
2:04 of 2nd period - Shot by Robert Lang.
2:04 of 2nd period - Stopped by Mike Smith without a rebound.
2:05 of 2nd period - Patrick OSullivan wins face-off versus Marty Reasoner in Hurricanes zone.
2:24 of 2nd period - Shot by Patrick OSullivan.
2:24 of 2nd period - Stopped by Mike Smith without a rebound.
2:25 of 2nd period - Robert Lang wins face-off versus Valtteri Filppula in Hurricanes zone.
2:32 of 2nd period - Brad Boyes is hit by Chad Larose and loses puck.
2:38 of 2nd period - Off-side.
2:39 of 2nd period - Pavel Datsyuk wins face-off versus Jussi Jokinen in neutral zone.
2:39 of 2nd period - Pavel Datsyuk is hit by Marian Hossa.
3:05 of 2nd period - Shot by Dave Scatchard.
3:05 of 2nd period - Shot Hit the Post.
3:07 of 2nd period - Shot by Kim Johnsson.
3:07 of 2nd period - Shot Misses the Net.
3:09 of 2nd period - Shot by Kim Johnsson.
3:09 of 2nd period - Shot Blocked by Sami Salo.
3:10 of 2nd period - Minor Penalty to Sheldon Souray for Diving.
3:11 of 2nd period - Valtteri Filppula wins face-off versus Jussi Jokinen in Canucks zone.
4:08 of 2nd period - Icing by Pavel Datsyuk.
4:09 of 2nd period - Marian Hossa wins face-off versus Pavel Datsyuk in Hurricanes zone.
4:29 of 2nd period - Shot by Kim Johnsson.
4:29 of 2nd period - Stopped by Jonathan Quick with a rebound.
4:31 of 2nd period - Shot by Kurtis Foster.
4:31 of 2nd period - Shot Misses the Net.
4:33 of 2nd period - Shot by Kurtis Foster.
4:33 of 2nd period - Shot Misses the Net.
4:35 of 2nd period - Shot by Pavel Datsyuk.
4:35 of 2nd period - Stopped by Jonathan Quick without a rebound.
4:36 of 2nd period - Valtteri Filppula wins face-off versus Chad Larose in Canucks zone.
4:49 of 2nd period - Shot by Niklas Hagman.
4:49 of 2nd period - Shot Misses the Net.
4:53 of 2nd period - Shot by Valtteri Filppula.
4:53 of 2nd period - Shot Misses the Net.
5:09 of 2nd period - Shot by Marian Hossa.
5:09 of 2nd period - Deflect By Marco Sturm.
5:09 of 2nd period - Shot Misses the Net.
5:17 of 2nd period - Patrick OSullivan is hit by Eric Nystrom and loses puck.
6:02 of 2nd period - Eric Brewer is hit by Andy Hilbert and loses puck.
6:45 of 2nd period - Icing by Eric Brewer.
6:46 of 2nd period - Robert Lang wins face-off versus Valtteri Filppula in Canucks zone.
7:30 of 2nd period - Shot by Marian Hossa.
7:30 of 2nd period - Shot Blocked by Karlis Skrastins.
8:21 of 2nd period - Pavel Datsyuk is hit by Scott Hannan and loses puck.
8:26 of 2nd period - Shot by Patrick Marleau.
8:26 of 2nd period - Stopped by Jonathan Quick with a rebound.
8:28 of 2nd period - Shot by Patrick Marleau.
8:28 of 2nd period - Deflect By Pavel Datsyuk.
8:28 of 2nd period - Goal by Pavel Datsyuk - Canucks : 0 - Hurricanes : 2.
8:29 of 2nd period - Patrick OSullivan wins face-off versus Niklas Hagman in neutral zone.
9:06 of 2nd period - Brad Boyes is hit by Ladislav Smid and loses puck.
9:27 of 2nd period - Shot by Robert Lang.
9:27 of 2nd period - Shot Misses the Net.
9:40 of 2nd period - Icing by Ladislav Smid.
9:41 of 2nd period - Robert Lang wins face-off versus Pavel Datsyuk in Canucks zone.
9:41 of 2nd period - Robert Lang is hit by Bill Guerin.
9:46 of 2nd period - Eric Brewer is hit by Bill Guerin and loses puck.
9:55 of 2nd period - Shot by Pavel Datsyuk.
9:55 of 2nd period - Stopped by Jonathan Quick without a rebound.
9:56 of 2nd period - Eric Nystrom wins face-off versus Marian Hossa in Canucks zone.
10:00 of 2nd period - Icing by Sami Salo.
10:01 of 2nd period - Jussi Jokinen wins face-off versus Marty Reasoner in Canucks zone.
10:01 of 2nd period - Jussi Jokinen is hit by Quintin Laing.
10:12 of 2nd period - Shot by Marco Sturm.
10:12 of 2nd period - Shot Misses the Net.
10:14 of 2nd period - Shot by Jussi Jokinen.
10:14 of 2nd period - Goal by Jussi Jokinen - Canucks : 1 - Hurricanes : 2.
10:15 of 2nd period - Steven Reinprecht wins face-off versus Bill Guerin in neutral zone.
10:15 of 2nd period - Andrew Ladd is hit by Bill Guerin.
10:25 of 2nd period - Shot by Steven Reinprecht.
10:25 of 2nd period - Goal by Steven Reinprecht - Canucks : 2 - Hurricanes : 2.
10:26 of 2nd period - Patrick OSullivan wins face-off versus Marty Reasoner in neutral zone.
10:32 of 2nd period - Nicklas Bergfors is hit by Brett Clark and loses puck.
10:38 of 2nd period - Patrick OSullivan is hit by Brett Clark.
10:42 of 2nd period - Shot by Nicklas Bergfors.
10:42 of 2nd period - Stopped by Mike Smith with a rebound.
10:46 of 2nd period - Shot by Michael Frolik.
10:46 of 2nd period - Shot Misses the Net.
10:56 of 2nd period - Shot by Michael Frolik.
10:56 of 2nd period - Stopped by Mike Smith without a rebound.
10:57 of 2nd period - Steven Reinprecht wins face-off versus Pavel Datsyuk in Hurricanes zone.
11:10 of 2nd period - Shot by Steven Reinprecht.
11:10 of 2nd period - Stopped by Mike Smith with a rebound.
11:14 of 2nd period - Shot by Alex Tanguay.
11:14 of 2nd period - Stopped by Mike Smith without a rebound.
11:14 of 2nd period - Minor Penalty to Cody Franson for Hooking.
11:15 of 2nd period - Jussi Jokinen wins face-off versus Pavel Datsyuk in Hurricanes zone.
12:05 of 2nd period - Icing by Eric Brewer.
12:06 of 2nd period - Marty Reasoner wins face-off versus Michael Frolik in Canucks zone.
12:21 of 2nd period - Shot by Steven Reinprecht.
12:21 of 2nd period - Stopped by Mike Smith without a rebound.
12:22 of 2nd period - Steven Reinprecht wins face-off versus Marty Reasoner in Hurricanes zone.
12:44 of 2nd period - Icing by Eric Brewer.
12:45 of 2nd period - Pavel Datsyuk wins face-off versus Alex Tanguay in Canucks zone.
14:23 of 2nd period - Shot by Jussi Jokinen.
14:23 of 2nd period - Stopped by Mike Smith without a rebound.
14:24 of 2nd period - Pavel Datsyuk wins face-off versus Steven Reinprecht in Hurricanes zone.
14:45 of 2nd period - Icing by Kim Johnsson.
14:46 of 2nd period - Pavel Datsyuk wins face-off versus Nicklas Bergfors in Hurricanes zone.
14:53 of 2nd period - Shot by Andy Hilbert.
14:53 of 2nd period - Stopped by Jonathan Quick without a rebound.
14:54 of 2nd period - Jussi Jokinen wins face-off versus Marty Reasoner in Canucks zone.
14:56 of 2nd period - Minor Penalty to Eric Nystrom for Holding.
14:57 of 2nd period - Pavel Datsyuk wins face-off versus Jussi Jokinen in Hurricanes zone.
15:08 of 2nd period - Shot by Marian Hossa.
15:08 of 2nd period - Stopped by Mike Smith without a rebound.
15:09 of 2nd period - Marty Reasoner wins face-off versus Steven Reinprecht in Hurricanes zone.
15:09 of 2nd period - Marty Reasoner is hit by Michael Frolik.
16:53 of 2nd period - Shot by Alex Tanguay.
16:53 of 2nd period - Shot Blocked by Kim Johnsson.
16:55 of 2nd period - Shot by Steven Reinprecht.
16:55 of 2nd period - Shot Misses the Net.
17:47 of 2nd period - Icing by Chad Larose.
17:48 of 2nd period - Pavel Datsyuk wins face-off versus Robert Lang in Canucks zone.
18:41 of 2nd period - Icing by Robert Lang.
18:42 of 2nd period - Marty Reasoner wins face-off versus Robert Lang in Canucks zone.
18:56 of 2nd period - Shot by Karlis Skrastins.
18:56 of 2nd period - Shot Misses the Net.
18:58 of 2nd period - Shot by Marty Reasoner.
18:58 of 2nd period - Shot Blocked by Milan Jurcina.
19:18 of 2nd period - Shot by Quintin Laing.
19:18 of 2nd period - Stopped by Jonathan Quick with a rebound.
19:56 of 2nd period - Willie Mitchell is hit by Chad Larose.
19:57 of 2nd period - Icing by Willie Mitchell.
19:58 of 2nd period - Jussi Jokinen wins face-off versus Valtteri Filppula in Hurricanes zone.

Period #3

0:01 of 3rd period - Pavel Datsyuk wins face-off versus Marco Sturm in neutral zone.
0:01 of 3rd period - Pavel Datsyuk is hit by Marco Sturm.
0:25 of 3rd period - Shot by Marco Sturm.
0:25 of 3rd period - Shot Blocked by Cody Franson.
0:29 of 3rd period - Shot by Marian Hossa.
0:29 of 3rd period - Shot Misses the Net.
0:31 of 3rd period - Shot by Jussi Jokinen.
0:31 of 3rd period - Deflect By Marian Hossa.
0:31 of 3rd period - Stopped by Mike Smith without a rebound.
0:32 of 3rd period - Steven Reinprecht wins face-off versus Valtteri Filppula in Hurricanes zone.
0:51 of 3rd period - Shot by Alex Tanguay.
0:51 of 3rd period - Goal by Alex Tanguay - Canucks : 3 - Hurricanes : 2.
0:52 of 3rd period - Marty Reasoner wins face-off versus Todd Bertuzzi in neutral zone.
1:40 of 3rd period - Icing by Karlis Skrastins.
1:41 of 3rd period - Jussi Jokinen wins face-off versus Marty Reasoner in Hurricanes zone.
2:04 of 3rd period - Shot by Sheldon Souray.
2:04 of 3rd period - Stopped by Mike Smith without a rebound.
2:05 of 3rd period - Valtteri Filppula wins face-off versus Andrew Ladd in Hurricanes zone.
2:40 of 3rd period - Shot by Eric Brewer.
2:40 of 3rd period - Shot Blocked by Kurtis Foster.
2:42 of 3rd period - Shot by Eric Brewer.
2:42 of 3rd period - Shot Blocked by Kurtis Foster.
2:44 of 3rd period - Shot by Andrew Ladd.
2:44 of 3rd period - Shot Blocked by Kurtis Foster.
2:53 of 3rd period - Off-side.
2:54 of 3rd period - Bill Guerin wins face-off versus Jussi Jokinen in neutral zone.
2:56 of 3rd period - Minor Penalty to Sheldon Souray for Hooking.
2:57 of 3rd period - Pavel Datsyuk wins face-off versus Marian Hossa in Canucks zone.
3:18 of 3rd period - Shot by Patrick Marleau.
3:18 of 3rd period - Stopped by Jonathan Quick without a rebound.
3:19 of 3rd period - Valtteri Filppula wins face-off versus Marian Hossa in Canucks zone.
3:48 of 3rd period - Shot by Cody Franson.
3:48 of 3rd period - Shot Blocked by Sami Salo.
4:06 of 3rd period - Shot by Kim Johnsson.
4:06 of 3rd period - Shot Misses the Net.
4:08 of 3rd period - Shot by Patrick Marleau.
4:08 of 3rd period - Stopped by Jonathan Quick without a rebound.
4:09 of 3rd period - Pavel Datsyuk wins face-off versus Jussi Jokinen in Canucks zone.
4:13 of 3rd period - Minor Penalty to Eric Brewer for Roughing.
4:14 of 3rd period - Marco Sturm wins face-off versus Pavel Datsyuk in Canucks zone.
4:29 of 3rd period - Shot by Kim Johnsson.
4:29 of 3rd period - Stopped by Jonathan Quick without a rebound.
4:30 of 3rd period - Valtteri Filppula wins face-off versus Marco Sturm in Canucks zone.
6:25 of 3rd period - Willie Mitchell is hit by Eric Brewer and loses puck.
7:36 of 3rd period - Sheldon Souray is hit by Dave Scatchard and loses puck.
7:55 of 3rd period - Shot by Pavel Datsyuk.
7:55 of 3rd period - Stopped by Jonathan Quick without a rebound.
7:56 of 3rd period - Steven Reinprecht wins face-off versus Valtteri Filppula in Canucks zone.
7:56 of 3rd period - Steven Reinprecht is hit by Valtteri Filppula.
7:57 of 3rd period - Minor Penalty to Valtteri Filppula for High sticking.
7:58 of 3rd period - Pavel Datsyuk wins face-off versus Michael Frolik in Hurricanes zone.
8:06 of 3rd period - Icing by Eric Brewer.
8:07 of 3rd period - Pavel Datsyuk wins face-off versus Steven Reinprecht in Canucks zone.
8:22 of 3rd period - Brett Clark is hit by Michael Frolik and loses puck.
8:53 of 3rd period - Shot by Marco Sturm.
8:53 of 3rd period - Shot Blocked by Kim Johnsson.
8:55 of 3rd period - Shot by Milan Jurcina.
8:55 of 3rd period - Shot Misses the Net.
8:59 of 3rd period - Shot by Jussi Jokinen.
8:59 of 3rd period - Shot Misses the Net.
9:01 of 3rd period - Shot by Jussi Jokinen.
9:01 of 3rd period - Stopped by Mike Smith without a rebound.
9:02 of 3rd period - Marco Sturm wins face-off versus Brad Boyes in Hurricanes zone.
9:58 of 3rd period - Icing by Willie Mitchell.
9:59 of 3rd period - Robert Lang wins face-off versus Valtteri Filppula in Hurricanes zone.
10:28 of 3rd period - Shot by Chad Larose.
10:28 of 3rd period - Shot Blocked by Karlis Skrastins.
10:30 of 3rd period - Shot by Robert Lang.
10:30 of 3rd period - Stopped by Mike Smith with a rebound.
10:32 of 3rd period - Shot by Chad Larose.
10:32 of 3rd period - Stopped by Mike Smith without a rebound.
10:33 of 3rd period - Pavel Datsyuk wins face-off versus Patrick OSullivan in Hurricanes zone.
11:09 of 3rd period - Icing by Kim Johnsson.
11:10 of 3rd period - Steven Reinprecht wins face-off versus Pavel Datsyuk in Hurricanes zone.
11:13 of 3rd period - Shot by Alex Tanguay.
11:13 of 3rd period - Stopped by Mike Smith without a rebound.
11:14 of 3rd period - Marty Reasoner wins face-off versus Steven Reinprecht in Hurricanes zone.
11:14 of 3rd period - Marty Reasoner is hit by Andrew Ladd.
11:22 of 3rd period - Steven Reinprecht is hit by Quintin Laing and loses puck.
11:27 of 3rd period - Shot by Quintin Laing.
11:27 of 3rd period - Shot Misses the Net.
11:29 of 3rd period - Shot by Brett Clark.
11:29 of 3rd period - Stopped by Jonathan Quick without a rebound.
11:30 of 3rd period - Robert Lang wins face-off versus Valtteri Filppula in Canucks zone.
11:30 of 3rd period - Robert Lang is hit by Brad Boyes.
11:58 of 3rd period - Shot by Kurtis Foster.
11:58 of 3rd period - Shot Misses the Net.
12:02 of 3rd period - Shot by Niklas Hagman.
12:02 of 3rd period - Goal by Niklas Hagman - Canucks : 3 - Hurricanes : 3.
12:03 of 3rd period - Marty Reasoner wins face-off versus Steven Reinprecht in neutral zone.
12:30 of 3rd period - Karlis Skrastins is hit by Andrew Ladd and loses puck.
13:16 of 3rd period - Shot by Marian Hossa.
13:16 of 3rd period - Shot Misses the Net.
13:18 of 3rd period - Shot by Jussi Jokinen.
13:18 of 3rd period - Stopped by Mike Smith without a rebound.
13:19 of 3rd period - Valtteri Filppula wins face-off versus Robert Lang in Hurricanes zone.
13:28 of 3rd period - Shot by Valtteri Filppula.
13:28 of 3rd period - Stopped by Jonathan Quick without a rebound.
13:29 of 3rd period - Valtteri Filppula wins face-off versus Robert Lang in Canucks zone.
13:32 of 3rd period - Shot by Niklas Hagman.
13:32 of 3rd period - Deflect By Valtteri Filppula.
13:32 of 3rd period - Stopped by Jonathan Quick without a rebound.
13:33 of 3rd period - Valtteri Filppula wins face-off versus Patrick OSullivan in Canucks zone.
14:21 of 3rd period - Shot by Todd Bertuzzi.
14:21 of 3rd period - Shot Misses the Net.
14:23 of 3rd period - Shot by Chad Larose.
14:23 of 3rd period - Shot Hit the Post.
14:25 of 3rd period - Shot by Chad Larose.
14:25 of 3rd period - Shot Misses the Net.
14:29 of 3rd period - Shot by Robert Lang.
14:29 of 3rd period - Stopped by Mike Smith without a rebound.
14:30 of 3rd period - Pavel Datsyuk wins face-off versus Steven Reinprecht in Hurricanes zone.
14:30 of 3rd period - Pavel Datsyuk is hit by Andrew Ladd.
15:01 of 3rd period - Off-side.
15:02 of 3rd period - Marty Reasoner wins face-off versus Robert Lang in neutral zone.
15:07 of 3rd period - Shot by Brett Clark.
15:07 of 3rd period - Stopped by Jonathan Quick without a rebound.
15:08 of 3rd period - Jussi Jokinen wins face-off versus Marty Reasoner in Canucks zone.
15:08 of 3rd period - Jussi Jokinen is hit by Quintin Laing.
15:31 of 3rd period - Shot by Jussi Jokinen.
15:31 of 3rd period - Stopped by Mike Smith without a rebound.
15:32 of 3rd period - Robert Lang wins face-off versus Pavel Datsyuk in Hurricanes zone.
15:46 of 3rd period - Patrick Marleau is hit by Milan Jurcina and loses puck.
15:51 of 3rd period - Shot by Pavel Datsyuk.
15:51 of 3rd period - Stopped by Jonathan Quick with a rebound.
15:53 of 3rd period - Shot by Pavel Datsyuk.
15:53 of 3rd period - Shot Misses the Net.
16:02 of 3rd period - Minor Penalty to Milan Jurcina for Interference.
16:03 of 3rd period - Jussi Jokinen wins face-off versus Valtteri Filppula in Canucks zone.
17:56 of 3rd period - Shot by Brad Boyes.
17:56 of 3rd period - Shot Misses the Net.
17:58 of 3rd period - Shot by Willie Mitchell.
17:58 of 3rd period - Shot Misses the Net.
18:00 of 3rd period - Shot by Brett Clark.
18:00 of 3rd period - Shot Misses the Net.
18:02 of 3rd period - Shot by Niklas Hagman.
18:02 of 3rd period - Deflect By Andy Hilbert.
18:02 of 3rd period - Shot Misses the Net.
18:03 of 3rd period - Minor Penalty to Ladislav Smid for Cross-checking.
18:04 of 3rd period - Valtteri Filppula wins face-off versus Jussi Jokinen in Canucks zone.
18:19 of 3rd period - Shot by Niklas Hagman.
18:19 of 3rd period - Deflect By Valtteri Filppula.
18:19 of 3rd period - Stopped by Jonathan Quick without a rebound.
18:20 of 3rd period - Marian Hossa wins face-off versus Patrick Marleau in Canucks zone.
18:33 of 3rd period - Shot by Kurtis Foster.
18:33 of 3rd period - Shot Blocked by Sheldon Souray.
18:35 of 3rd period - Shot by Dave Scatchard.
18:35 of 3rd period - Shot Misses the Net.
18:39 of 3rd period - Shot by Pavel Datsyuk.
18:39 of 3rd period - Shot Misses the Net.
18:41 of 3rd period - Shot by Patrick Marleau.
18:41 of 3rd period - Shot Misses the Net.
18:43 of 3rd period - Shot by Dave Scatchard.
18:43 of 3rd period - Stopped by Jonathan Quick without a rebound.
18:44 of 3rd period - Valtteri Filppula wins face-off versus Jussi Jokinen in Canucks zone.
18:57 of 3rd period - Shot by Brad Boyes.
18:57 of 3rd period - Shot Misses the Net.
19:33 of 3rd period - Icing by Kurtis Foster.
19:34 of 3rd period - Pavel Datsyuk wins face-off versus Jussi Jokinen in Hurricanes zone.

Overtime #1

0:01 of 1st overtime period - Marian Hossa wins face-off versus Patrick Marleau in neutral zone.
0:14 of 1st overtime period - Shot by Kim Johnsson.
0:14 of 1st overtime period - Stopped by Jonathan Quick with a rebound.
0:24 of 1st overtime period - Shot by Marco Sturm.
0:24 of 1st overtime period - Stopped by Mike Smith without a rebound.
0:25 of 1st overtime period - Jussi Jokinen wins face-off versus Valtteri Filppula in Hurricanes zone.
1:38 of 1st overtime period - Shot by Patrick Marleau.
1:38 of 1st overtime period - Deflect By Pavel Datsyuk.
1:38 of 1st overtime period - Stopped by Jonathan Quick with a rebound.
1:40 of 1st overtime period - Shot by Patrick Marleau.
1:40 of 1st overtime period - Shot Blocked by Scott Hannan.
1:42 of 1st overtime period - Shot by Pavel Datsyuk.
1:42 of 1st overtime period - Shot Misses the Net.
1:46 of 1st overtime period - Shot by Pavel Datsyuk.
1:46 of 1st overtime period - Shot Blocked by Eric Brewer.
2:08 of 1st overtime period - Shot by Patrick Marleau.
2:08 of 1st overtime period - Deflect By Pavel Datsyuk.
2:08 of 1st overtime period - Stopped by Jonathan Quick without a rebound.
2:09 of 1st overtime period - Valtteri Filppula wins face-off versus Marian Hossa in Canucks zone.
2:18 of 1st overtime period - Shot by Valtteri Filppula.
2:18 of 1st overtime period - Stopped by Jonathan Quick without a rebound.
2:19 of 1st overtime period - Marian Hossa wins face-off versus Pavel Datsyuk in Canucks zone.
4:50 of 1st overtime period - Shot by Eric Brewer.
4:50 of 1st overtime period - Stopped by Mike Smith with a rebound.

ShootOut

ShootOut - Penalty Shot by Marian Hossa for Canucks.
ShootOut - Shot Misses the Net.
ShootOut - Penalty Shot by Pavel Datsyuk for Hurricanes.
ShootOut - Stopped by Jonathan Quick.
ShootOut - Penalty Shot by Marco Sturm for Canucks.
ShootOut - Stopped by Mike Smith.
ShootOut - Penalty Shot by Patrick Marleau for Hurricanes.
ShootOut - Stopped by Jonathan Quick.
ShootOut - Penalty Shot by Jussi Jokinen for Canucks.
ShootOut - Shot Misses the Net.
ShootOut - Penalty Shot by Niklas Hagman for Hurricanes.
ShootOut - Shot Misses the Net.
ShootOut - Penalty Shot by Michael Frolik for Canucks.
ShootOut - Goal by Michael Frolik.
ShootOut - Penalty Shot by Bill Guerin for Hurricanes.
ShootOut - Shot Misses the Net.


Output by the SimonT Hockey Simulator (STHS) for Mathias Vaigur -- Original Page W3C XHTML 1.0 Valid